 Dungeon Crawl Stone Soup version 0.30.1 (webtiles) character file.

Game seed: 10796230783438997391

45907 Cheops the Bludgeoner (level 13, -6/116 HPs)
             Began as a Minotaur Fighter on July 11, 2023.
             Was a High Priest of Ru.
             Mangled by a cane toad (17 damage)
             ... on level 3 of the Lair of Beasts.
             The game lasted 01:23:28 (17735 turns).

Cheops the Bludgeoner (Minotaur Fighter)           Turns: 17735, Time: 01:23:28

Health: -6/116     AC: 28    Str: 25    XL:     13   Next: 2%
Magic:  12/12      EV: 10    Int:  5    God:    Ru [*****.]
Gold:   1097       SH: 15    Dex: 11    Spells: 12/12 levels left

rFire   . . .        b - +4 eveningstar (flame)
rCold   . . .        q - +3 kite shield
rNeg    . . .        E - +13 chain mail of Reucwuel {rCorr}
rPois   .            (helmet restricted)
rElec   .            N - +0 cloak
rCorr   +            k - +0 pair of gloves
SInv    .            (no boots)
Will    +....        (no amulet) Stlth
                     g - ring of willpower
HPRegen 0.39/turn    o - ring of resist corrosion
MPRegen 0.13/turn

%: no passive effects
@: about to teleport, overwhelmed with horror
A: horns 2, hated by all, cowardly, no air magic, no translocations magic, no
transmutations magic, inexperienced 1, retaliatory headbutt
a: Renounce Religion, Draw Out Power, Power Leap, Apocalypse


You were on level 3 of the Lair of Beasts.
You worshipped Ru.
Ru was extremely pleased with you.
You visited 4 branches of the dungeon, and saw 18 of its levels.
You also visited: Sewer, Gauntlet and Volcano.

You collected 1097 gold pieces.

Inventory:

Hand Weapons
 a - the +6 shillelagh "Devastator" {shatter}
   (You found it on level 3 of the Dungeon)
 b - a +4 eveningstar of flaming (weapon)
 c - the +4 whip "Murmur" {venom, rF+ Int+3 Dex+4}
   (You found it on level 7 of the Dungeon)

   Int:       It affects your intelligence (+3).
   Dex:       It affects your dexterity (+4).
   rF:        It protects you from fire.
 w - a +2 battleaxe of flaming
 L - the +10 whip "Murmur" {heavy, rCorr}
   (You found it on level 3 of the Lair of Beasts)

   rCorr:     It protects you from acid and corrosion.
 P - the +9 mace of Growth {heavy, rF+ Dex+4}
   (You found it on level 12 of the Dungeon)

   Dex:       It affects your dexterity (+4).
   rF:        It protects you from fire.
Missiles
 e - 6 atropa-tipped darts
 x - 34 poisoned darts (quivered)
 y - 2 curare-tipped darts
 C - 4 boomerangs
 I - 5 javelins
 Q - 7 silver javelins
Armour
 k - a +0 pair of gloves (worn)
 l - the +0 cloak of the Game of Kings {-Tele Fly rElec rC+}
   (You found it in a Gauntlet)

   rC:        It protects you from cold.
   rElec:     It insulates you from electricity.
   Fly:       It grants you flight.
   -Tele:     It prevents most forms of teleportation.
 q - a +3 kite shield (worn)
 u - a +4 ring mail of willpower
 v - +0 gold dragon scales
 E - the +13 chain mail of Reucwuel (worn) {rCorr}
   (You found it on level 1 of the Lair of Beasts)

   rCorr:     It protects you from acid and corrosion.
 N - a +0 cloak (worn)
Jewellery
 g - a ring of willpower (left hand)
 o - a ring of resist corrosion (right hand)
 p - the amulet of the Air {Inacc Air Fly rElec RMsl}
   (You found it in a Gauntlet)

   [amulet of nothing]

   Inacc:     It reduces the accuracy of your attacks and spells.
   Air:       It enhances your air magic.
   rElec:     It insulates you from electricity.
   Fly:       It grants you flight.
   RMsl:      It protects you from missiles.
 F - a ring of flight
Wands
 t - a wand of flame (10)
 B - a wand of roots (6)
 D - a wand of polymorph (3)
 H - a wand of digging (8)
 J - a wand of mindburst (15)
 M - a wand of charming (9)
 R - a wand of light (6)
Scrolls
 f - 2 scrolls of poison
 h - 4 scrolls of silence
 m - 10 scrolls of teleportation
 n - 2 scrolls of immolation
 G - a scroll of fog
 K - a scroll of identify
 O - a scroll of blinking {unknown}
 S - a scroll of magic mapping
 T - 5 scrolls of fear
Potions
 i - 2 potions of berserk rage {unknown}
 j - 6 potions of curing
 r - 3 potions of haste
 s - 2 potions of lignification
 z - 2 potions of cancellation {unknown}
 A - a potion of ambrosia
 W - 2 potions of heal wounds
 Y - 4 potions of mutation
Miscellaneous
 d - a piece from Xom's chessboard (15/15)
 V - a lightning rod (4/4)
 X - a box of beasts
 Z - a condenser vane


   Skills:
 - Level 11.0 Fighting
 - Level 16.0 Maces & Flails
 + Level 7.5 Throwing
 - Level 11.0 Armour
 - Level 6.0 Dodging
 - Level 14.0 Shields
 - Level 8.0 Evocations


You had 12 spell levels left.
You didn't know any spells.
Your spell library contained the following spells:

 Spells                   Type           Power      Damage    Failure   Level
 Magic Dart               Conj           0%         1d3       97%         1
 Necrotise                Necr           0%         1d4       97%         1
 Searing Ray              Conj           0%         2d4       99%         2
 Ozocubu's Armour         Ice            0%         N/A       100%        3
 Fulminant Prism          Conj/Hex       0%         3d5       100%        4
 Ozocubu's Refrigeration  Ice            0%         4d7       100%        7
 Apportation              Tloc           Unusable   N/A       N/A         1
 Summon Small Mammal      Summ           Unusable   N/A       N/A         1
 Tukima's Dance           Hex            Unusable   N/A       N/A         3
 Vhi's Electric Charge    Tloc/Air       Unusable   N/A       N/A         3
 Passage of Golubria      Tloc           Unusable   N/A       N/A         4
 Silence                  Hex/Air        Unusable   N/A       N/A         5
 Yara's Violent Unravell  Hex/Tmut       Unusable   3d3       N/A         5
 Summon Hydra             Summ           Unusable   N/A       N/A         7

Dungeon Overview and Level Annotations

Branches:
Dungeon (13/15)            Temple (1/1) D:7            Lair (3/5) D:10
 Shoals (0/4) Lair:2       Spider (0/4) Lair:2          Orc (1/2) D:11
  Sewer (visited)         Volcano (visited)         Gauntlet (visited)
 Vaults: D:13-14

Altars:
Ashenzari
Cheibriados
Dithmenos
Elyvilon
Gozag
Kikubaaqudgha
Makhleb
Nemelex Xobeh
Okawaru
Qazlal
Ru
Sif Muna
Trog
Uskayaw
Vehumet
Wu Jian
Xom
Zin
The Shining One

Shops:
D:10 :[(

Annotations:
D:5 3 runed translucent doors, Gadrel's ghost, weakling DgDe
D:9 2 transporters, bairyn's ghost, novice AtFi
D:11 exclusion: 2 upstairs
D:12 3 runed translucent doors


Innate Abilities, Weirdness & Mutations

You have a pair of horns on your head.
You are hated by all.
Your cowardice makes you less effective in combat with threatening foes.
You cannot study or cast Air magic.
You cannot study or cast Translocations magic.
You cannot study or cast Transmutations magic.
You are somewhat inexperienced. (-1 XL)
You reflexively headbutt those who attack you in melee.


Message History

You sock the cane toad! You burn the cane toad.
The cane toad is heavily wounded.
You feel very sick. The cane toad stings you!
* * * LOW HITPOINT WARNING * * *
You are lethally poisoned!
The cane toad poisons you!
You focus your inner power and blind the cane toad in retribution!
You hit the cane toad. You burn the cane toad.
The cane toad is severely wounded.
* * * LOW HITPOINT WARNING * * *
You feel extremely sick. You block the cane toad's attack.
You closely miss the cane toad.
You headbutt the cane toad, but do no damage.
The cane toad is severely wounded.
* * * LOW HITPOINT WARNING * * *
You feel extremely sick.
The cane toad is stunned by your conviction and fails to attack.
The cane toad closely misses you.
You barely miss the cane toad.
The cane toad is severely wounded.
* * * LOW HITPOINT WARNING * * *
You feel very sick.
A wyvern comes into view.
You block the cane toad's attack.
You feel better.
The wyvern hisses angrily.
The dream sheep ruffle their wool and motes of dream dust sparkle, to no effect.
You are overwhelmed by glittering dream dust!
You feel drowsy...
You fall asleep.
Monsters!
Monsters everywhere!
You have to get out of here!
The cane toad stings you!
You wake up.
* * * LOW HITPOINT WARNING * * *
A cane toad comes into view.
The cane toad is stunned by your conviction and fails to attack.
Unknown command.
As you read the scroll of teleportation, it crumbles to dust.
You feel strangely unstable. The cane toad stings you!
You die...

*##....# ***,,,,,,,,,,, *#.#...#
### *,,,,,,,,,*,,,
##....######.# *,,,,,,,,,*,,,
#.....#.....## **,,,,,,,,,***
#####..........# **,,.,,,,,**
............>.## *****...,,,,,,*
..............###*,*#....,,,,,**
#####...........###...#*,,,,,,,*
* ##..........@FYY#******,**** *
#........#.##Y#l# ***
#.........##*.YY* ##
*#........## *#..# ##.
**.#...F..## *..# #P. **
*,,....#.#* *..#*


#PP ,***,,....#.* **YF* *** #P. ,,,,,,,,,,.,* *,.Y# #.####.. **+*,*,*,,***
*,,,****#.....< You could see 2 cane toads, a wyvern and 5 dream sheep.

Vanquished Creatures
  Rupert (D:13)
  Gastronok (Lair:2)
  A minotaur (Gauntlet)
  Josephine (D:11)
  2 hydras (Lair:3)
  A catoblepas (Lair:1)
  6 two-headed ogres
  6 boulder beetles
  3 centaur warriors (D:12)
  A hell knight (Volcano)
  Urug (D:11)
  Amaemon (Lair:2)
  3 skeletal warriors (D:13)
  A deep elf pyromancer (D:12)
  4 ugly things
  A centaur zombie (D:13)
  Maurice (D:13)
  2 demonic crawlers (D:13)
  A black mamba (Lair:3)
  A smoke demon (Volcano)
  6 cane toads
  A gargoyle (D:12)
  An orange demon (Lair:2)
  A minotaur zombie (Gauntlet)
  2 efreet
  6 komodo dragons
  A tengu conjurer (D:12)
  A kobold demonologist (D:12)
  4 trolls
  6 hornets (Gauntlet)
  2 red devils (Volcano)
  4 blink frogs (Lair:3)
  9 flying skulls (Gauntlet)
  3 culicivoras (Lair:2)
  3 slime creatures (D:12)
  A wyvern (D:10)
  A wyvern (shapeshifter) (D:12)
  A water elemental (D:11)
  29 yaks
  2 vampires
  6 wraiths
  Grum (D:9)
  3 basilisks
  A steam dragon (D:8)
  5 vampire mosquitoes
  Edmund (D:5)
  A hell hound (Volcano)
  5 acid dragons
  2 ice beasts
  4 orc warriors
  7 water moccasins
  2 sky beasts
  An ice beast (shapeshifter) (D:13)
  3 black bears (D:5)
  A boggart (D:12)
  3 ogres
  3 centaurs
  3 wolves (D:9)
  4 kobold brigands
  A gnoll sergeant (D:8)
  4 scorpions
  8 bullfrogs
  4 wights (D:8)
  5 killer bees (D:9)
  A howler monkey (D:4)
  7 electric eels
  10 orc priests
  A gnoll bouda (D:7)
  2 jellies
  A sleepcap (D:4)
  A boggart zombie (D:13)
  4 iguanas
  18 orc wizards
  12 gnolls
  3 adders
  A shadow imp (D:7)
  A white imp (D:8)
  An ufetubus (D:6)
  4 worms
  3 dart slugs
  42 orcs
  7 ball pythons
  2 endoplasms
  2 giant cockroaches (D:1)
  3 hobgoblins
  6 jackals
  3 quokkas
  3 bats
  3 frilled lizards
  4 goblins
  18 kobolds
  11 rats
375 creatures vanquished.

Vanquished Creatures (collateral kills)
  Nessos (D:13)
1 creature vanquished.

Vanquished Creatures (others)
  A wizard (D:6)
  A wraith (D:11)
2 creatures vanquished.

Grand Total: 378 creatures vanquished

Notes
Turn   | Place    | Note
-------+----------+-------------------------------------------
     0 | D:1      | Cheops the Minotaur Fighter began the quest for the Orb.
     0 | D:1      | Reached XP level 1. HP: 19/19 MP: 0/0
    51 | D:1      | Reached skill level 3 in Maces & Flails
   241 | D:1      | Reached XP level 2. HP: 26/26 MP: 1/1
   248 | D:1      | Found a faded altar of an unknown god.
   798 | D:2      | Reached skill level 4 in Maces & Flails
   940 | D:2      | Found a hide-covered altar of Uskayaw.
  1044 | D:2      | Reached XP level 3. HP: 31/31 MP: 2/2
  1491 | D:3      | Found the +6 shillelagh "Devastator" {shatter}
  1620 | D:3      | Reached skill level 5 in Maces & Flails
  1631 | D:3      | Found a blossoming altar of Fedhas.
  1893 | D:4      | Reached XP level 4. HP: 27/39 MP: 3/3
  1899 | D:4      | Reached skill level 6 in Maces & Flails
  1899 | D:4      | Reached XP level 5. HP: 34/45 MP: 4/4
  1902 | D:4      | You fall into a shaft and drop 2 floors!
  1915 | D:5      | Entered Level 5 of the Dungeon
  2218 | D:4      | Reached skill level 7 in Maces & Flails
  2266 | D:4      | Found a glowing drain.
  2275 | Sewer    | Entered a sewer
  2329 | Sewer    | Reached XP level 6. HP: 15/51 MP: 5/5
  2335 | Sewer    | Reached skill level 8 in Maces & Flails
  2476 | Sewer    | Found a white marble altar of Elyvilon.
  3437 | D:5      | Noticed a water moccasin
  3548 | D:5      | Noticed a water moccasin
  3553 | D:5      | Killed a water moccasin
  3554 | D:5      | Reached skill level 9 in Maces & Flails
  3557 | D:5      | Reached XP level 7. HP: 49/57 MP: 6/6
  3692 | D:5      | Found a runed translucent gate.
  3702 | D:5      | Noticed Edmund
  3709 | D:5      | Killed Edmund
  3710 | D:5      | Reached skill level 10 in Maces & Flails
  3749 | D:5      | Reached skill level 11 in Maces & Flails
  3783 | D:5      | Reached XP level 8. HP: 64/64 MP: 7/7
  3821 | D:5      | Reached skill level 12 in Maces & Flails
  4091 | D:5      | Found a runed translucent gate.
  4091 | D:5      | Found a runed translucent gate.
  4123 | D:5      | Noticed a troll
  4151 | D:5      | Noticed Gadrel's ghost (weakling DgDe)
  4425 | D:6      | Reached skill level 13 in Maces & Flails
  4714 | D:6      | Reached skill level 14 in Maces & Flails
  4714 | D:6      | Reached XP level 9. HP: 61/71 MP: 8/8
  4798 | D:6      | Found a bloodstained altar of Trog.
  4800 | D:6      | Noticed a wizard
  4807 | D:6      | Killed a wizard
  5244 | D:7      | Identified the +4 whip "Murmur" {venom, rF+ Int+3 Dex+4}
  5419 | D:7      | Reached skill level 5 in Shields
  5581 | D:7      | Found a staircase to the Ecumenical Temple.
  5593 | Temple   | Entered the Ecumenical Temple
  5700 | Temple   | Became a worshipper of Ru the Awakened
  5837 | D:7      | Found an ancient bone altar of Kikubaaqudgha.
  6178 | D:8      | Reached skill level 5 in Fighting
  6178 | D:8      | Reached skill level 5 in Armour
  6387 | D:8      | Noticed a two-headed ogre
  6397 | D:8      | Killed a two-headed ogre
  6398 | D:8      | Reached XP level 10. HP: 39/83 MP: 9/9
  6723 | D:8      | Found a sparkling altar of Nemelex Xobeh.
  7357 | D:9      | Noticed a fire dragon
  7593 | D:9      | Gained mutation: Your cowardice makes you less effective in
                  | combat with threatening foes. [Ru sacrifice]
  7593 | D:9      | Reached * piety under Ru
  7698 | D:9      | Reached skill level 10 in Shields
  7899 | D:9      | Found a transporter.
  7900 | D:9      | Noticed a two-headed ogre
  7911 | D:9      | a floating eye changed into a cyclops
  7911 | D:9      | Noticed a cyclops (shapeshifter)
  7913 | D:9      | a cyclops changed into a fire crab
  7913 | D:9      | Noticed a fire crab (shapeshifter)
  7946 | D:9      | Noticed bairyn's ghost (novice AtFi)
  7961 | D:9      | Found a transporter.
  7962 | D:9      | Noticed Grum
  7971 | D:9      | Killed Grum
  8000 | D:9      | a fire crab changed into a manticore
  8000 | D:9      | Noticed a manticore (shapeshifter)
  8037 | D:9      | Noticed a two-headed ogre
  8045 | D:9      | Killed a two-headed ogre
  8049 | D:9      | a manticore changed into a fire crab
  8049 | D:9      | Noticed a fire crab (shapeshifter)
  8062 | D:9      | a fire crab changed into an elephant
  8062 | D:9      | Noticed an elephant (shapeshifter)
  8075 | D:9      | an elephant changed into an orb spider
  8075 | D:9      | Noticed an orb spider (shapeshifter)
  8250 | D:9      | Noticed a cyclops
  8251 | D:9      | a cyclops changed into a snapping turtle
  8467 | D:9      | a tarantella changed into a lindwurm
  8467 | D:9      | Noticed a lindwurm (shapeshifter)
  8468 | D:9      | a lindwurm changed into a moth of wrath
  8468 | D:9      | Noticed a moth of wrath (shapeshifter)
  8496 | D:10     | Entered Level 10 of the Dungeon
  8534 | D:10     | Reached XP level 11. HP: 68/95 MP: 10/10
  8683 | D:10     | Found Soimetas's Weapon Shop.
  8687 | D:10     | Found Ummier's Armour Shop.
  8898 | D:10     | Found a broken altar of Ashenzari.
  9208 | D:10     | Found Waimep's Book Shoppe.
  9217 | D:10     | Found an iron altar of Okawaru.
  9220 | D:10     | Noticed a two-headed ogre
  9230 | D:10     | Killed a two-headed ogre
  9314 | D:10     | Found a staircase to the Lair.
  9689 | D:11     | Found a staircase to the Orcish Mines.
  9952 | D:11     | Noticed a two-headed ogre
  9957 | D:11     | Killed a two-headed ogre
  9965 | D:11     | Gained mutation: You cannot study or cast Air magic. [Ru
                  | sacrifice]
  9965 | D:11     | Gained mutation: You cannot study or cast Transmutations
                  | magic. [Ru sacrifice]
  9965 | D:11     | Gained mutation: You cannot study or cast Translocations
                  | magic. [Ru sacrifice]
  9965 | D:11     | Reached ** piety under Ru
 10000 | D:11     | Noticed Urug
 10001 | D:11     | Noticed Josephine
 10019 | D:11     | HP: 1/96 [wraith[Josephine] (7)]
 10231 | D:11     | Killed Josephine
 10245 | D:11     | Reached skill level 10 in Fighting
 10449 | D:11     | Found a sacrificial altar of Ru.
 10541 | D:11     | Killed Urug
 10542 | D:11     | Reached skill level 10 in Armour
 10603 | D:11     | Noticed a two-headed ogre
 10608 | D:11     | Killed a two-headed ogre
 10676 | D:11     | Noticed a green ugly thing
 10683 | D:11     | Killed a green ugly thing
 10684 | D:11     | Reached XP level 12. HP: 106/106 MP: 11/11
 11451 | Orc:1    | Entered Level 1 of the Orcish Mines
 11516 | D:12     | Noticed a boulder beetle
 11539 | D:12     | Killed a boulder beetle
 11809 | D:12     | Found a runed translucent door.
 11869 | D:12     | Noticed a centaur warrior
 11871 | D:12     | Noticed a centaur warrior
 11874 | D:12     | Killed a centaur warrior
 11875 | D:12     | Killed a centaur warrior
 11883 | D:12     | Found a runed translucent door.
 11884 | D:12     | Noticed a two-headed ogre
 11886 | D:12     | Noticed an orc warlord
 11886 | D:12     | Found a runed translucent door.
 11886 | D:12     | Noticed a boulder beetle
 12059 | D:12     | Noticed a centaur warrior
 12067 | D:12     | Killed a centaur warrior
 12073 | D:12     | Noticed a boulder beetle
 12075 | D:12     | Reached skill level 5 in Evocations
 12094 | D:12     | Killed a boulder beetle
 12344 | D:12     | Noticed a boulder beetle
 12365 | D:12     | Killed a boulder beetle
 12594 | D:12     | Identified the +1 hat of Sif Muna's Inspiration {*Slow Fly
                  | Will- rCorr Stlth+}
 12594 | D:12     | Identified the +9 mace of Growth {heavy, rF+ Dex+4}
 12595 | D:12     | Got the Omnibus of the United Brume
 13226 | D:13     | Gained mutation: You are somewhat inexperienced. (-1 XL)
                  | [Ru sacrifice]
 13226 | D:13     | Reached XP level 11. HP: 90/102 MP: 10/10
 13226 | D:13     | Reached *** piety under Ru
 13226 | D:13     | Reached **** piety under Ru
 13263 | D:13     | Noticed a boulder beetle
 13298 | D:13     | Killed a boulder beetle
 13322 | D:13     | Noticed a boulder beetle
 13352 | D:13     | Killed a boulder beetle
 13494 | D:13     | Noticed Maurice
 13502 | D:13     | Killed Maurice
 13506 | D:13     | Reached XP level 12. HP: 95/110 MP: 11/11
 13621 | D:13     | Noticed Nessos
 13636 | D:13     | Killed Nessos
 14040 | D:13     | Reached skill level 5 in Dodging
 14204 | D:13     | Noticed Rupert
 14214 | D:13     | Killed Rupert
 14482 | Lair:1   | Entered Level 1 of the Lair of Beasts
 14638 | Lair:1   | Identified the +13 chain mail of Reucwuel {rCorr}
 15259 | Lair:1   | Reached skill level 15 in Maces & Flails
 15470 | Lair:2   | Found a dark tunnel.
 15607 | Volcano  | Entered a volcano
 16081 | Lair:2   | Noticed Amaemon
 16094 | Lair:2   | Killed Amaemon
 16095 | Lair:2   | Reached skill level 16 in Maces & Flails
 16125 | Lair:2   | Found a hole to the Spider Nest.
 16198 | Lair:2   | Found a staircase to the Shoals.
 16201 | Lair:2   | Reached skill level 1 in Throwing
 16402 | Lair:2   | Noticed Gastronok
 16413 | Lair:2   | Killed Gastronok
 16738 | Lair:3   | Found a gate leading to a gauntlet.
 16752 | Lair:3   | Reached skill level 5 in Throwing
 16764 | Lair:3   | Identified the +10 whip "Murmur" {heavy, rCorr}
 16792 | Lair:3   | Gained mutation: You are hated by all. [Ru sacrifice]
 16792 | Lair:3   | Reached ***** piety under Ru
 16853 | Gauntlet | Entered a Gauntlet
 16853 | Gauntlet | Found a transporter.
 16913 | Gauntlet | Found a transporter.
 16913 | Gauntlet | Found a transporter.
 16926 | Gauntlet | Found a transporter.
 16927 | Gauntlet | Found a transporter.
 16945 | Gauntlet | Found a transporter.
 16951 | Gauntlet | Found a runed translucent door.
 16952 | Gauntlet | Found a transporter.
 16953 | Gauntlet | Found a runed translucent door.
 16963 | Gauntlet | Found a transporter.
 16966 | Gauntlet | Found the amulet of the Air {Inacc Air Fly rElec RMsl}
 16975 | Gauntlet | Found a transporter.
 16980 | Gauntlet | Found a transporter.
 17007 | Gauntlet | Found a transporter.
 17008 | Gauntlet | Found a transporter.
 17060 | Gauntlet | Found a transporter.
 17063 | Gauntlet | Found a transporter.
 17063 | Gauntlet | Found a runed translucent door.
 17301 | Gauntlet | Identified the +0 cloak of the Game of Kings {-Tele Fly
                  | rElec rC+}
 17489 | Gauntlet | Noticed a minotaur
 17506 | Gauntlet | Killed a minotaur
 17507 | Gauntlet | Reached XP level 13. HP: 101/116 MP: 12/12
 17735 | Lair:3   | Mangled by a cane toad

Illustrated notes

Levels and vault maps discovered:
D:1:      minmay_arrival_three_doors, layout_loops_ring,
          hellmonk_ecumenical_altar_crossroads, serial_bayou_pond_b
D:2:      layout_rooms, basic_altar, serial_bayou_pond_e
D:3:      layout_basic, fedhas_altar_1
D:4:      layout_basic, cheibrodos_sewer_entry_bend
D:5:      layout_gridville, gammafunk_ghost_split, enter_ossuary_1, uniq_edmund
D:6:      layout_cave_pools, trog_wizard, minmay_misc_feat_four_crosses,
          dreamdust_princess_corridor
D:7:      layout_cave_pools, old_standard_altar, minmay_temple_entry_nine_rooms,
          serial_rivers, chequers_serial_rivers_room_b,
          chequers_serial_rivers_large_a, chequers_serial_rivers_large_b,
          chequers_serial_rivers_small_a, chequers_serial_rivers_small_a,
          minmay_crystal_water
D:8:      layout_layer_cave, nemelex_spade_bored_becter
D:9:      layout_stronghold, gammafunk_ghost_arena, uniq_grum
D:10:     layout_basic, ashenzari_conservatory_becter,
          nicolae_overflow_hidden_temple, david_lair_shrubbed, serial_shops,
          shop, chequers_avenue, nicolae_wooded_promenade
D:11:     layout_basic, nicolae_ru_the_path_less_chosen, uniq_urug,
          uniq_josephine
D:12:     minmay_the_grid_four_pointed_star
          [minmay_the_grid_triangle_9x9_intruding_spiral,
          minmay_the_grid_triangle_9x9_wacky_v,
          minmay_the_grid_triangle_9x9_warning,
          minmay_the_grid_triangle_9x9_fully_insulated_deathbox,
          minmay_the_grid_prize_shrinking_boxes], layout_cave_pods,
          serial_bayou_pond_c
D:13:     layout_long_grid, serial_undead, serial_undead_b, serial_undead_c,
          serial_undead_c, serial_undead_e, einodemon_crawler_minivault,
          uniq_maurice, uniq_rupert, uniq_nessos
Temple:   nicolae_temple_superstar
Lair:1:   layout_roguey, serial_bayou_lagoon_b, serial_bayou_shore_a
Lair:2:   layout_big_grid, minmay_shoals_entry_centaurs,
          hellmonk_spider_entry_life_and_decay, enter_volcano_4, uniq_amaemon,
          uniq_gastronok
Lair:3:   layout_cave_pods, gauntlet_entry_generic,
          hangedman_lair_generics_rect, lemuel_fruit_tree
Orc:1:    layout_caves, minmay_orc_temple_c

Skill      XL: |  1  2  3  4  5  6  7  8  9 10 11 12 |
---------------+-------------------------------------+-----
Maces & Flails | 3 4 5 6 7 9 11 14 16 | 16.0
Shields        | 8 11 13 14 | 14.0
Fighting       | 6 8 10 11 | 11.0
Armour         | 6 8 10 11 | 11.0
Evocations     | 8 7 |  8.0
Dodging        | 3 6 |  6.0
Throwing       | 7 |  7.5

Action                     |  1- 3 |  4- 6 |  7- 9 | 10-12 | 13-15 || total
---------------------------+-------+-------+-------+-------+-------++-------
  Melee: Flail             |    81 |       |       |     8 |       ||    89
         Headbutt          |     9 |     2 |    12 |   136 |     9 ||   168
         Shillelagh        |     1 |    44 |   116 |   484 |     8 ||   653
         Whip              |       |       |       |    55 |       ||    55
         Mace              |       |       |       |    83 |       ||    83
         Eveningstar       |       |       |       |    62 |    20 ||    82
 Invoke: Sacrifice Courage |       |       |       |     1 |       ||     1
         Sacrifice Arcana  |       |       |       |     1 |       ||     1
         Sacrifice Experie |       |       |       |     1 |       ||     1
         Power Leap        |       |       |       |     2 |       ||     2
         Sacrifice Love    |       |       |       |     1 |       ||     1
  Evoke: Box of beasts     |       |       |       |     1 |       ||     1
    Use: Scroll            |     7 |     1 |     4 |    18 |     1 ||    31
         Potion            |       |     1 |     1 |     5 |     1 ||     8
   Stab: Invisible         |       |       |       |     6 |       ||     6
         Distracted        |       |       |       |     3 |       ||     3
         Petrifying        |       |       |       |     2 |       ||     2
         Petrified         |       |       |       |     2 |       ||     2
 Armour: Scale mail        |    44 |    12 |       |       |       ||    56
         Chain mail        |       |       |    35 |    43 |     3 ||    81
         Plate armour      |       |       |       |   107 |       ||   107
         Gold dragon scale |       |       |       |    61 |     3 ||    64
  Dodge: Dodged            |    44 |    24 |    23 |   135 |     3 ||   229
  Block: Buckler           |    13 |    12 |     6 |       |       ||    31
         Kite shield       |       |       |    23 |   371 |    11 ||   405
